Map: Alcyone LE

Players

Tisartktw - Winner!

  • Race: Protoss Protoss
  • League: Diamond
  • Spawn Location: 7:00

SubN

  • Race: Zerg Zerg
  • League: Diamond
  • Spawn Location: 1:00

VOD

Have the link to the VOD?

Description

Time

  • Played on: Jan. 20, 2024, 4:51 p.m.
  • Length: 9:42
Show
View Real Time Build Order
Export as new Build Order

Tisartktw Protoss - Winner!

Build Orders: 1 Gate Expand 

Get SALT Encoding   

  12  0:02  Probe  
  13  0:14  Probe  
  14  0:22  Pylon  
  14  0:26  Probe  
  15  0:33  Assimilator  
  15  0:42  Gateway  
  15  0:46  Probe (Chrono Boost)  
  16  0:53  Probe (Chrono Boost)  
  17  1:00  Probe  
  18  1:16  Pylon  
  18  1:30  Nexus  
  18  1:34  Cybernetics Core  
  18  1:43  Probe  
  19  1:48  Pylon  
  19  1:58  Probe  
  20  2:09  Stalker (Chrono Boost)  
  20  2:10  Probe  
  20  2:13  Gateway  
  20  2:15  Warp Gate  
  23  2:26  Probe  
  24  2:31  Zealot  
  26  2:38  Probe  
  26  2:44  Probe  
  27  2:50  Probe  
  28  2:54  Twilight Council  
  28  2:56  Probe  
  28  2:57  Gateway  
  29  3:07  Probe (Chrono Boost)  
  29  3:09  Pylon, Probe (Chrono Boost)  
  33  3:21  Probe (Chrono Boost)  
  33  3:24  Probe (Chrono Boost)  
  33  3:25  Gateway  
  33  3:26  Probe (Chrono Boost)  
  33  3:29  Charge (Chrono Boost)  
  33  3:30  Pylon  
  34  3:35  Probe  
  34  3:37  Probe  
  38  3:47  Probe  
  41  3:54  Probe  
  38  4:03  Probe, Zealot x2  
  38  4:05  Zealot  
  38  4:09  Probe  
  46  4:20  Probe  
  47  4:26  Probe  
  47  4:29  Stargate, Assimilator  
  47  4:30  Zealot x3  
  47  4:31  Zealot  
  56  4:32  Probe  
  57  4:38  Probe  
  57  4:44  Probe  
  59  4:49  Assimilator  
  59  4:50  Probe  
  59  4:51  Assimilator  
  60  4:53  Pylon  
  60  4:56  Probe  
  61  5:04  Pylon  
  61  5:12  Zealot x2  
  61  5:13  Zealot x2  
  69  5:23  Nexus  
  69  5:25  Pylon, Probe  
  69  5:27  Probe  
  71  5:37  Fleet Beacon, Probe  
  70  5:52  Protoss Air Weapons Level 1  
  70  5:54  Zealot x3  
  70  5:55  Probe x2  
  78  6:07  Probe x2  
  78  6:08  Gateway  
  78  6:09  Gateway  
  80  6:11  Gateway  
  80  6:14  Zealot x2  
  84  6:19  Probe  
  84  6:21  Probe  
  82  6:26  Assimilator  
  82  6:30  Assimilator  
  74  6:36  Forge  
  74  6:38  Forge  
  68  6:40  Cybernetics Core  
  68  6:44  Zealot x3  
  68  6:45  Zealot  
  72  6:47  Probe x2  
  72  6:51  Carrier (Chrono Boost)  
  80  6:55  Probe  
  81  7:04  Zealot x2  
  81  7:05  Zealot  
  81  7:08  Zealot  
  89  7:12  Zealot  
  89  7:13  Zealot  
  93  7:16  Zealot  
  93  7:23  Probe x3  
  93  7:24  Protoss Shields Level 1  
  96  7:32  Stargate  
  96  7:37  Stargate  
  96  7:40  Stargate  
  96  7:41  Protoss Air Armor Level 1  
  96  7:49  Pylon  
  70  7:52  Pylon  
  70  7:56  Zealot x3  
  76  7:58  Probe  
  76  7:59  Probe x2  
  76  8:02  Zealot  
  81  8:10  Shield Battery, Zealot  
  81  8:22  Zealot  
  81  8:23  Zealot x4  
  89  8:36  Probe x2  
  89  8:39  Pylon, Probe  
  89  8:40  Pylon  
  92  8:41  Carrier (Chrono Boost)  
  98  8:48  Pylon, Probe  
  98  8:50  Pylon  
  85  9:08  Zealot  
  85  9:09  Zealot x4  
  87  9:23  Zealot  
  89  9:24  Zealot  
  89  9:29  Zealot  
  89  9:30  Zealot x3  
  105  9:33  Zealot  
Show
View Real Time Build Order
Export as new Build Order

SubN Zerg 

Build Orders: Pool First 

Get SALT Encoding   

  12  0:00  Drone  
  13  0:12  Overlord  
  13  0:16  Drone  
  14  0:30  Drone x2  
  14  0:34  Drone  
  17  0:44  Extractor  
  17  0:48  Spawning Pool  
  15  0:50  Drone  
  15  0:55  Drone  
  17  1:34  Hatchery  
  16  1:44  Drone, Hatchery  
  16  1:45  Drone  
  17  1:56  Queen  
  17  2:00  Zergling x2  
  20  2:03  Zergling x2  
  21  2:10  Drone  
  22  2:16  Overlord  
  22  2:33  Overlord  
  22  2:41  Queen  
  24  2:44  Drone  
  24  2:48  Drone  
  26  2:53  Drone  
  27  2:58  Drone  
  27  3:00  Drone  
  27  3:02  Queen  
  31  3:07  Queen  
  31  3:11  Drone  
  34  3:14  Drone  
  34  3:17  Drone  
  36  3:24  Drone x2  
  38  3:28  Overlord  
  38  3:36  Lair  
  38  3:41  Overlord  
  38  3:50  Drone x3  
  38  3:52  Drone  
  42  3:59  Roach Warren  
  41  4:03  Baneling Nest  
  41  4:04  Drone  
  41  4:06  Drone  
  42  4:10  Extractor  
  42  4:11  Extractor  
  42  4:16  Drone x3  
  43  4:17  Drone  
  43  4:20  Drone  
  43  4:21  Drone  
  46  4:28  Drone x3  
  49  4:32  Drone x2  
  49  4:34  Drone  
  49  4:37  Overlord  
  52  4:41  Glial Reconstitution  
  52  4:45  Overlord  
  52  4:49  Centrifugal Hooks  
  52  4:57  Overlord x2  
  52  5:04  Evolution Chamber  
  52  5:05  Drone x2  
  52  5:06  Evolution Chamber  
  54  5:07  Roach  
  54  5:09  Roach  
  54  5:14  Drone  
  57  5:20  Roach x3  
  63  5:24  Extractor  
  63  5:25  Drone x3  
  65  5:30  Zerg Missile Weapons Level 1  
  65  5:32  Zerg Melee Weapons Level 1  
  65  5:34  Roach  
  67  5:37  Roach  
  67  5:39  Roach  
  67  5:42  Roach  
  72  5:44  Roach  
  71  5:52  Roach  
  71  5:53  Roach x3  
  74  5:59  Roach  
  74  6:00  Roach  
  72  6:06  Roach x3  
  72  6:10  Roach  
  72  6:11  Roach  
  78  6:17  Roach  
  78  6:18  Roach x2  
  82  6:23  Roach  
  82  6:24  Roach  
  82  6:29  Overlord x2  
  74  6:44  Drone  
  74  6:45  Roach  
  75  6:49  Roach x5  
  85  7:00  Hatchery  
  84  7:07  Extractor  
  84  7:08  Extractor  
  82  7:10  Zergling x12  
  88  7:17  Drone x4  
  92  7:27  Zergling x2  
  92  7:28  Zergling x2  
  90  7:30  Baneling x8  
  90  7:31  Metabolic Boost  
  90  7:35  Baneling  
  90  7:36  Baneling x3  
  84  7:51  Drone x8  
  88  7:54  Queen  
  90  7:59  Zergling x2  
  90  8:00  Zergling x2  
  90  8:04  Overseer  
  92  8:10  Overlord x3  
  88  8:28  Queen  
  88  8:31  Drone  
  88  8:32  Queen  
  93  8:34  Spire  
  93  8:38  Queen  
  94  8:49  Zergling x10  
  94  8:50  Zergling x8  
  99  8:57  Roach  
  99  8:58  Roach x3  
  103  9:04  Queen  
  103  9:09  Infestation Pit  
Tags
 
Add a new tag
Caveats
  • Supply blocks, unpowered buildings, or Contaminate may cause inaccurate times.
  • Supply counts are checked every 10 seconds.